 Dungeon Crawl Stone Soup version 0.27.1-3-gb3d3a73c9e (webtiles) character file.

Game seed: 2421253153548491917

177 styxcanada the Covert (level 5, 0/23 HPs)
             Began as a Spriggan Brigand on Oct 31, 2021.
             Slain by Grinder (6 damage)
             ... while paralysed by Grinder
             ... on level 3 of the Dungeon.
             The game lasted 00:13:24 (4142 turns).

styxcanada the Covert (Spriggan Brigand)            Turns: 4142, Time: 00:13:24

Health: 0/23       AC:  4    Str:  7    XL:     5   Next: 30%
Magic:  6/6        EV:  4    Int: 12    God:
Gold:   109        SH:  0    Dex: 18    Spells: 4/4 levels left

rFire    . . .     SeeInvis +   a - +3 dagger
rCold    . . .     Faith    .   (shield restricted)
rNeg     . . .     Spirit   .   b - +0 robe
rPois    .         Reflect  .   (helmet restricted)
rElec    .         Harm     .   c - +0 cloak
rCorr    .         Rampage  .   (gloves unavailable)
Will     .....                  (boots unavailable)
Stlth    ++++......             (no amulet)
HPRegen  0.07/turn              (no ring)
MPRegen  0.10/turn              (no ring)

@: paralysed, very quick
A: very small, no large weapons, unfitting armour, see invisible, speed 3,
iridescent scales 1, deformed body, frail 1
a: no special abilities


You were on level 3 of the Dungeon.
You visited 1 branch of the dungeon, and saw 3 of its levels.

You collected 109 gold pieces.

Inventory:

Hand Weapons
 a - a +3 dagger (weapon)
Missiles
 g - 65 stones (quivered)
Armour
 b - a +0 robe (worn)
 c - a +0 cloak (worn)
 m - a scarf of invisibility
Wands
 p - a wand of mindburst (15)
Scrolls
 h - 3 scrolls of enchant weapon
 i - a scroll of amnesia
 k - a scroll of teleportation
 l - a scroll of magic mapping {unknown}
 n - 3 scrolls of identify {unknown}


   Skills:
 * Level 2.2 Fighting
 + Level 2.8 Short Blades
 + Level 2.6 Throwing
 * Level 2.8 Dodging
 * Level 8.3 Stealth


You had 4 spell levels left.
You didn't know any spells.
Your spell library contained the following spells:

 Spells                   Type           Power      Damage    Failure   Level
 Beastly Appendage        Tmut           0%         N/A       32%         1
 Wereblood                Tmut           0%         N/A       45%         2
 Spider Form              Tmut/Pois      0%         N/A       69%         3


Dungeon Overview and Level Annotations

Branches:
Dungeon (3/15)

Altars:

Annotations:
D:3 Grinder


Innate Abilities, Weirdness & Mutations

You are very small and have problems with some larger weapons.
You are too small for most types of armour.
You have supernaturally acute eyesight. (SInv)
You cover ground extremely quickly. (Speed+++)
You are partially covered in iridescent scales. (AC +2)
Armour fits poorly on your strangely shaped body.
You are frail. (-10% HP)


Message History

You start waiting.
Grinder is nearby!
Throw: 67 stones
Press: ? - help, Q - select action, (/) - cycle Shift-Dir - straight line, f - Grinder
Aim: Grinder (almost dead, 60% to hit)
You throw a stone. The stone hits Grinder.
Grinder is almost dead.
Throw: 66 stones
Press: ? - help, Q - select action, (/) - cycle Shift-Dir - straight line, f/p - Grinder
Aim: Grinder (almost dead, 60% to hit)
You throw a stone.
The stone hits Grinder but does no damage.
Grinder is almost dead.
You feel less wooden.
Your +0 cloak unmelds from your body.
Your +0 robe unmelds from your body.
Grinder gestures at you.
You suddenly lose the ability to move!
You can move again.
You hit Grinder.
Grinder is almost dead.
You barely miss Grinder.
Grinder is almost dead.
Grinder misses you.
You barely miss Grinder.
Grinder is almost dead.
Grinder gestures at you. You resist with significant effort.
You hit Grinder but do no damage.
Grinder is almost dead.
Grinder closely misses you.
You hit Grinder but do no damage.
Grinder is almost dead.
Grinder gestures at you.
You suddenly lose the ability to move!
Grinder gestures at you. Pain shoots through your body! Grinder hits you.
You writhe in agony.
* * * LOW HITPOINT WARNING * * *
Grinder hits you.
You die...

#.....#........
##...###....... #.
##### #.#.##.#
###.##### #.#.##.# ...
...## #.#.##.#
#.##..(### #.#.##.#
#....(... ##)#.##(. #.
#.5(# #.)..##..
#(###@## #..####.#
#.(....# .####..####.#
#.###(.##...........†#
#. #..#######..###..#
#. #((#######........
#. #.(..............#
#.####(###########....
#..# #.# ##.#..# ##.#
#.# ###.#.#.#


You could see Grinder.

Vanquished Creatures
  An orc priest (D:3)
  An orc wizard (D:3)
  Terence (D:2)
  3 adders
  2 dart slugs
  4 orcs (D:3)
  4 ball pythons
  2 bats
  3 endoplasms
  13 hobgoblins
  2 jackals (D:1)
  2 quokkas
  8 frilled lizards
  6 goblins
  9 kobolds
  6 rats
67 creatures vanquished.

Notes
Turn   | Place    | Note
-------+----------+-------------------------------------------
     0 | D:1      | styxcanada the Spriggan Brigand began the quest for the
                  | Orb.
     0 | D:1      | Reached XP level 1. HP: 10/10 MP: 2/2
    23 | D:1      | Reached skill level 6 in Stealth
   269 | D:1      | Reached XP level 2. HP: 9/14 MP: 3/3
  1164 | D:1      | Reached XP level 3. HP: 9/18 MP: 4/4
  1708 | D:2      | Found a faded altar of an unknown god.
  1726 | D:2      | Reached skill level 7 in Stealth
  2079 | D:2      | Noticed Terence
  2318 | D:2      | Killed Terence
  2319 | D:2      | Reached XP level 4. HP: 23/23 MP: 5/5
  3837 | D:3      | Reached skill level 8 in Stealth
  3837 | D:3      | Reached XP level 5. HP: 15/26 MP: 6/6
  4049 | D:3      | Noticed Grinder
  4055 | D:3      | Paralysed by Grinder for 7 turns
  4072 | D:3      | Paralysed by Grinder for 6 turns
  4079 | D:3      | Gained mutation: You are frail. (-10% HP) [potion of
                  | mutation]
  4079 | D:3      | Gained mutation: Armour fits poorly on your strangely
                  | shaped body. [potion of mutation]
  4079 | D:3      | Gained mutation: You are partially covered in iridescent
                  | scales. (AC +2) [potion of mutation]
  4087 | D:3      | HP: 1/23 [Grinder (6)]
  4104 | D:3      | Paralysed by Grinder for 5 turns
  4124 | D:3      | Paralysed by Grinder for 3 turns
  4131 | D:3      | Paralysed by Grinder for 2 turns
  4139 | D:3      | Paralysed by Grinder for 6 turns
  4142 | D:3      | Slain by Grinder

Illustrated notes

Levels and vault maps discovered:
D:1:      moated_graveyard_arrival, layout_basic
D:2:      layout_basic, basic_ecumenical_altar, kennysheep_donut, uniq_terence
D:3:      layout_loops_ring, uniq_grinder

Skill      XL: |  1  2  3  4 |
---------------+-------------+-----
Stealth        | 6 7 8 |  8.3
Dodging        | 2 |  2.8
Fighting       | 2 |  2.2
Short Blades   | |  2.8
Throwing       | |  2.6

Action                   |  1- 3 |  4- 6 || total
-------------------------+-------+-------++-------
Melee: Dagger            |   133 |    96 ||   229
Throw: Dart              |    21 |    27 ||    48
       Stone             |     4 |     5 ||     9
  Use: Scroll            |     3 |     1 ||     4
       Potion            |       |     5 ||     5
 Stab: Sleeping          |    14 |     6 ||    20
       Distracted        |       |     1 ||     1
Armor: Robe              |    13 |     8 ||    21
       Skin              |       |    11 ||    11
Dodge: Dodged            |    84 |    46 ||   130
